 Dungeon Crawl Stone Soup version 0.24.0-29-g8ce449bc06 (webtiles) character file.

Game seed: 7599655983218990864, levelgen mode: deterministic

95868 Flugslaktarn the Severer (level 15, -58/145 HPs)
             Began as a Minotaur Fighter on Nov 16, 2019.
             Was an Initiate of Gozag.
             Annihilated by a titanic slime creature (90 damage)
             ... on level 4 of the Swamp.
             The game lasted 00:16:33 (27554 turns).

Flugslaktarn the Severer (Minotaur Fighter)        Turns: 27554, Time: 00:16:34

Health: -58/145    AC: 35    Str: 32    XL:     15   Next: 67%
Magic:  17/17      EV:  8    Int:  5    God:    Gozag
Gold:   5554       SH: 15    Dex: 12    Spells: 14/14 levels left

rFire    + . .     SeeInvis .   w - +3 broad axe (vamp)
rCold    . . .     Gourm    .   c - +0 shield
rNeg     . . .     Faith    .   T - +1 crystal plate armour of Dogma {Str+3}
rPois    +         Spirit   .   (helmet restricted)
rElec    .         Reflect  .   k - +2 cloak {MR+}
rCorr    .         Harm     .   F - +1 pair of gloves
MR       ++...                  A - +2 pair of boots
Stlth    ..........             B - amulet of magic regeneration
HPRegen  0.34/turn              b - ring "Leritypu" {rF+ Dex+2}
MPRegen  0.40/turn              o - ring of poison resistance

@: very slow
A: retaliatory headbutt, horns 2, rugged brown scales 1, camouflage 1, strong 1
a: Potion Petition, Call Merchant, Bribe Branch, Renounce Religion


You were on level 4 of the Swamp.
You worshipped Gozag.
Gozag was greatly pleased with you.
You were not hungry.

You visited 5 branches of the dungeon, and saw 24 of its levels.

You collected 7910 gold pieces.
You spent 1106 gold pieces at shops.
You paid 1250 gold pieces to Gozag.

Inventory:

Hand Weapons
 w - a +3 vampiric broad axe (weapon)
   (You took it off Saint Roka on level 1 of the Orcish Mines)
Armour
 c - a +0 shield (worn)
 i - a +0 cloak
   (You found it on level 1 of the Dungeon)
 k - a +2 cloak of magic resistance (worn)
   (You bought it in a shop on level 2 of the Orcish Mines)
 y - the +7 chain mail of Death's Door {+Blink rF+ Slay-4}
   (You found it on level 5 of the Dungeon)

   It affects your accuracy and damage with ranged weapons and melee attacks
   (-4).
   It protects you from fire.
   It lets you blink.
 A - a +2 pair of boots (worn)
   (You found it on level 1 of the Lair of Beasts)
 F - a +1 pair of gloves (worn)
   (You found it on level 9 of the Dungeon)
 T - the +1 crystal plate armour of Dogma (worn) {Str+3}
   (You acquired it on level 1 of the Orcish Mines)

   It affects your strength (+3).
Jewellery
 b - the ring "Leritypu" (left hand) {rF+ Dex+2}
   (You found it on level 4 of the Dungeon)

   [ring of protection from fire]

   It affects your dexterity (+2).
   It protects you from fire.
 f - an uncursed ring of protection from fire
   (You found it on level 6 of the Lair of Beasts)
 o - a ring of poison resistance (right hand)
   (You found it on level 6 of the Lair of Beasts)
 B - an amulet of magic regeneration (around neck)
   (You found it on level 1 of the Lair of Beasts)
Wands
 h - a wand of scattershot (7)
   (You found it on level 3 of the Dungeon)
 u - a wand of clouds (3)
   (You found it on level 1 of the Lair of Beasts)
 v - a wand of digging (11)
   (You found it on level 6 of the Lair of Beasts)
 L - a wand of enslavement (11)
   (You found it on level 2 of the Lair of Beasts)
 N - a wand of paralysis (13)
   (You found it on level 2 of the Lair of Beasts)
 O - a wand of acid (14)
   (You found it on level 2 of the Swamp)
 U - a wand of iceblast (11)
   (You found it on level 6 of the Lair of Beasts)
Scrolls
 a - 2 scrolls of fog
 l - 5 scrolls of immolation
 r - 2 scrolls of identify
 t - 9 scrolls of teleportation
 x - a scroll of vulnerability
 z - 4 scrolls of blinking
 C - 2 scrolls of silence
 D - 10 scrolls of remove curse
 E - a scroll of holy word
 G - a scroll of magic mapping
 K - 3 scrolls of fear
 M - a scroll of summoning
 V - 3 scrolls of enchant armour
Potions
 d - 2 potions of might
 g - 2 potions of berserk rage
 j - 2 potions of flight
 m - a potion of magic
 n - 2 potions of resistance
 p - 4 potions of mutation
 q - 7 potions of curing
 s - a potion of agility
 I - 2 potions of invisibility
 J - a potion of ambrosia
 P - a potion of cancellation
 Q - a potion of brilliance
 S - 2 potions of lignification
Miscellaneous
 H - a lamp of fire
   (You found it on level 10 of the Dungeon)
 R - a lightning rod (4/4)
   (You found it on level 5 of the Lair of Beasts)
Comestibles
 e - 9 rations


   Skills:
 + Level 15.5 Fighting
 - Level 18.1 Axes
 + Level 15.5 Armour
 - Level 2.9 Dodging
 + Level 15.2 Shields
 - Level 5.0 Evocations


You had 14 spell levels left.
You didn't know any spells.
Your spell library was empty.

Dungeon Overview and Level Annotations

Branches:
Dungeon (11/15)            Temple (0/1) D:6            Lair (6/6) D:9
  Swamp (4/4) Lair:4        Snake (1/4) Lair:2        Slime (0/5) Lair:6
    Orc (2/2) D:11            Elf (0/3) Orc:2

Altars:
Ashenzari
Cheibriados
Dithmenos
Gozag
Nemelex Xobeh
Ru
Sif Muna
Xom
Yredelemnul

Shops:
D:8 %   Orc:2 ?(?:[

Annotations:
D:6 1 runed translucent door
D:9 1 runed translucent door, Tixazyof's ghost, novice GnAr
D:10 3 runed translucent doors, night's ghost, novice GrEE
Lair:4 exclusion: oklob plant
Snake:1 1 transporter


Innate Abilities, Weirdness & Mutations

You reflexively headbutt those who attack you in melee.
You have a pair of horns on your head.
You are partially covered in rugged brown scales. (AC +1, +3% HP)
Your skin changes colour to match your surroundings (Stealth+).
Your muscles are strong. (Str +2)


Message History

The titanic slime creature is heavily wounded.
A shadow comes into view.
You block the titanic slime creature's attack.
Your unstable footing causes you to fumble your attack.
The titanic slime creature hits you!!!
Your unstable footing causes you to fumble your attack.
Your unstable footing causes you to fumble your attack.
The titanic slime creature hits you!!!
* * * LOW HITPOINT WARNING * * *
You are too injured to fight recklessly!
You are too injured to fight recklessly!
You are too injured to fight recklessly!
You are too injured to fight recklessly!
You are too injured to fight recklessly!
You are too injured to fight recklessly!
You are too injured to fight recklessly!
The titanic slime creature hits you!!!!
Ouch! That really hurt!
You die...
Your body crumbles into a pile of gold.

♣♣....≈# ##.. ♣♣§≈≈§≈§#
.#W≈ ♣≈.≈≈≈≈≈# ≈≈2#≈
♣≈≈≈≈≈≈≈#§ ≈≈#≈≈
♣♣♣♣.≈≈≈≈≈≈#≈# ≈≈≈.♣
♣≈♣♣≈≈≈≈≈≈≈#♣§# #.≈≈♣≈≈
♣.≈≈..≈≈≈≈≈≈§#§#≈≈≈≈≈#
♣♣≈≈≈≈.≈≈≈≈≈.#≈#J#
♣♣.≈≈.≈..≈≈.≈≈$#@♣≈≈≈...≈
♣≈≈≈≈≈..≈≈.≈.≈≈$♣##♣♣##♣♣
.≈≈≈≈≈..≈≈.....♣♣
.♣≈≈≈§≈.≈≈≈♣≈..♣♣
....§≈≈≈≈≈.≈....♣
≈..♣.≈≈≈≈≈≈≈≈...♣♣♣♣♣
≈≈≈≈..≈≈≈.≈≈≈.≈≈.≈≈≈♣
≈≈≈....≈≈≈≈≈...≈≈≈≈.♣
≈≈...≈≈≈≈≈...^♣♣§≈≈.♣


You could see a green death, a titanic slime creature and a shadow.

Vanquished Creatures
  Saint Roka (Orc:1)
  2 thorn hunters (Swamp:2)
  5 ogre magi
  Erolcha (D:10)
  11 hydras
  An anaconda (shapeshifter) (D:9)
  17 two-headed ogres
  A catoblepas (Lair:4)
  10 alligators
  2 death yaks (Lair:5)
  2 naga sharpshooters (Snake:1)
  Urug (D:10)
  3 wizards
  A spriggan druid (Swamp:2)
  A naga ritualist (Snake:1)
  3 swamp dragons
  2 orc knights
  A deep elf mage (D:10)
  A mana viper (Snake:1)
  4 orc sorcerers
  A manticore (D:11)
  3 black mambas (Snake:1)
  A torpor snail (Lair:5)
  2 naga magi (Snake:1)
  2 orange demons (Swamp:4)
  27 spiny frogs
  2 rime drakes
  11 komodo dragons
  2 trolls
  12 tyrant leeches
  4 hornets
  3 bog bodies
  24 blink frogs
  2 slime creatures (Swamp:2)
  4 dream sheep (Lair:5)
  5 hippogriffs
  3 wyverns
  3 spriggans
  33 yaks
  10 vampire mosquitoes
  A steam dragon (D:9)
  2 hungry ghosts
  A basilisk (Lair:2)
  11 insubstantial wisps
  2 wargs
  Menkaure (D:7)
  9 swamp worms
  7 nagas (Lair:2)
  2 acid dragons (D:11)
  11 water moccasins
  8 porcupines
  4 swamp drakes
  21 orc warriors
  4 sky beasts
  An ice beast (D:8)
  3 phantoms
  29 ogres
  6 centaurs
  9 wolves
  9 crocodiles
  A small abomination (Swamp:4)
  23 bullfrogs
  A wyvern zombie (D:11)
  2 wyvern skeletons
  3 scorpions
  6 killer bees
  2 electric eels (Lair:6)
  3 howler monkeys
  4 crimson imps
  A bullfrog zombie (D:10)
  2 quasits
  A centaur zombie (D:10)
  13 orc priests
  4 hounds
  A human skeleton (D:6)
  8 jellies
  2 bullfrog skeletons
  3 iguanas
  27 orc wizards
  5 worker ants
  A hound skeleton (D:6)
  A howler monkey skeleton (D:9)
  10 adders
  2 river rats (D:4)
  2 shadow imps
  14 oozes
  3 adder skeletons
  2 worms (D:4)
  5 dart slugs
  2 leopard geckos
  91 orcs
  5 bats
  2 giant cockroaches
  12 hobgoblins
  9 jackals
  12 kobolds
  7 quokkas
  A ball python (D:6)
  5 frilled lizards
  3 goblins
  A leopard gecko skeleton (D:5)
  9 rats
  3 fungi
  3 plants
682 creatures vanquished.

Vanquished Creatures (collateral kills)
  A basilisk (Lair:5)
  A bullfrog (Lair:5)
2 creatures vanquished.

Vanquished Creatures (others)
  An orc wizard (Orc:2)
  4 briar patches (Swamp:2)
  A bush (Lair:6)
  13 fungi
  44 plants (Lair:6)
  6 toadstools (D:3)
69 creatures vanquished.

Grand Total: 753 creatures vanquished

Notes
Turn   | Place    | Note
-------+----------+-------------------------------------------
     0 | D:1      | Flugslaktarn the Minotaur Fighter began the quest for the
                  | Orb.
     0 | D:1      | Reached XP level 1. HP: 19/19 MP: 0/0
   159 | D:1      | Reached XP level 2. HP: 26/27 MP: 1/1
   162 | D:1      | Reached skill level 3 in Axes
   250 | D:1      | Found a shimmering altar of Xom.
   673 | D:2      | Reached XP level 3. HP: 31/33 MP: 2/2
   741 | D:2      | Reached skill level 4 in Axes
   824 | D:2      | Reached XP level 4. HP: 33/40 MP: 3/3
  1349 | D:3      | Found a faded altar of an unknown god.
  1447 | D:3      | Found an opulent altar of Gozag.
  1526 | D:3      | Became a worshipper of Gozag Ym Sagoz the Greedy
  1729 | D:3      | Reached skill level 1 in Dodging
  1729 | D:3      | Reached XP level 5. HP: 35/47 MP: 4/4
  1758 | D:3      | Reached skill level 5 in Axes
  2229 | D:4      | Found a sparkling altar of Nemelex Xobeh.
  2234 | D:4      | Found a sacrificial altar of Ru.
  2240 | D:4      | Got a crude bronze ring
  2241 | D:4      | Identified the ring "Leritypu" {rF+ Dex+2} (You found it on
                  | level 4 of the Dungeon)
  2249 | D:4      | Found a shadowy altar of Dithmenos.
  2274 | D:4      | Noticed an ogre
  2281 | D:4      | Killed an ogre
  2281 | D:4      | Reached skill level 5 in Fighting
  2281 | D:4      | Reached XP level 6. HP: 38/56 MP: 5/5
  2489 | D:4      | Found a shimmering blue altar of Sif Muna.
  2799 | D:4      | Reached skill level 5 in Armour
  3832 | D:5      | Entered Level 5 of the Dungeon
  3955 | D:5      | Reached skill level 6 in Axes
  3955 | D:5      | Reached XP level 7. HP: 61/61 MP: 6/6
  5052 | D:5      | Reached skill level 7 in Axes
  5340 | D:5      | Got a bloodstained chain mail
  5353 | D:5      | Identified the +7 chain mail of Death's Door {+Blink rF+
                  | Slay-4} (You found it on level 5 of the Dungeon)
  5849 | D:6      | Reached skill level 5 in Shields
  5849 | D:6      | Reached skill level 1 in Evocations
  5899 | D:6      | Found a shattered altar of Ashenzari.
  6098 | D:6      | Reached XP level 8. HP: 70/70 MP: 7/7
  6230 | D:6      | Found a runed translucent door.
  6234 | D:6      | Found a basalt altar of Yredelemnul.
  6396 | D:6      | Found a staircase to the Ecumenical Temple.
  6496 | D:7      | Noticed Menkaure
  6502 | D:7      | Killed Menkaure
  6502 | D:7      | Reached skill level 8 in Axes
  6720 | D:7      | Found a snail-covered altar of Cheibriados.
  7193 | D:7      | Reached XP level 9. HP: 51/78 MP: 8/10
  7366 | D:7      | Reached skill level 9 in Axes
  8422 | D:8      | Noticed a two-headed ogre
  8436 | D:8      | Killed a two-headed ogre
  8436 | D:8      | Reached skill level 10 in Axes
  8723 | D:8      | Found Neje's Food Shop.
  8728 | D:8      | Bought a ration for 65 gold pieces
  8728 | D:8      | Bought a ration for 65 gold pieces
  8728 | D:8      | Bought a ration for 65 gold pieces
  8728 | D:8      | Bought a ration for 65 gold pieces
  9474 | D:9      | Noticed a troll
  9484 | D:9      | Killed a troll
  9484 | D:9      | Reached XP level 10. HP: 24/88 MP: 12/12
 10350 | D:9      | Found a staircase to the Lair.
 10358 | D:9      | Reached skill level 11 in Axes
 10550 | D:9      | Noticed an anaconda
 10570 | D:9      | Killed an anaconda
 11049 | D:9      | Found a runed translucent door.
 11050 | D:9      | Noticed Tixazyof's ghost (novice GnAr)
 11103 | D:10     | Entered Level 10 of the Dungeon
 11159 | D:10     | Reached skill level 5 in Evocations
 11545 | D:10     | Found a runed translucent gate.
 11546 | D:10     | Found a runed translucent gate.
 11547 | D:10     | Found a runed translucent gate.
 11548 | D:10     | Noticed night's ghost (novice GrEE)
 11780 | D:10     | Noticed Erolcha
 11793 | D:10     | Killed Erolcha
 11793 | D:10     | Reached skill level 12 in Axes
 12078 | D:10     | Noticed Urug
 12085 | D:10     | Reached XP level 11. HP: 63/97 MP: 13/13
 12104 | D:10     | Killed Urug
 12105 | D:10     | Noticed a deep elf mage
 12471 | D:10     | Killed a deep elf mage
 12500 | D:10     | Noticed a wizard
 12515 | D:10     | Killed a wizard
 12871 | D:10     | Noticed a wizard
 12872 | D:10     | Noticed a wizard
 12881 | D:10     | Killed a wizard
 13016 | D:10     | Identified Xefforch's Handbook of Plaster Cramp
 13072 | D:10     | Gained mutation: Your skin changes colour to match your
                  | surroundings (Stealth+). [potion of mutation]
 13072 | D:10     | Gained mutation: Your muscles are strong. (Str +2) [potion
                  | of mutation]
 13072 | D:10     | Gained mutation: You are partially covered in rugged brown
                  | scales. (AC +1, +3% HP) [potion of mutation]
 13168 | Lair:1   | Entered Level 1 of the Lair of Beasts
 13181 | D:9      | Reached skill level 10 in Armour
 13184 | D:9      | Reached skill level 10 in Fighting
 13184 | D:9      | Reached skill level 13 in Axes
 14787 | Lair:2   | Reached skill level 10 in Shields
 15245 | Lair:2   | Noticed a four-headed hydra
 15254 | Lair:2   | Killed a six-headed hydra
 15254 | Lair:2   | Reached XP level 12. HP: 105/111 MP: 14/14
 15306 | Lair:2   | Reached skill level 14 in Axes
 15333 | Lair:2   | Found a staircase to the Snake Pit.
 17066 | Lair:4   | Noticed an eight-headed hydra
 17079 | Lair:4   | Killed an eight-headed hydra
 17605 | Lair:4   | Found a staircase to the Swamp.
 17749 | Lair:4   | Noticed a catoblepas
 17763 | Lair:4   | Killed a catoblepas
 17787 | Lair:4   | Reached skill level 15 in Axes
 18171 | Lair:4   | Noticed a seven-headed hydra
 18173 | Lair:4   | Killed a seven-headed hydra
 18350 | Lair:5   | Noticed a five-headed hydra
 18355 | Lair:5   | Killed a five-headed hydra
 19101 | Lair:6   | Entered Level 6 of the Lair of Beasts
 19104 | Lair:6   | Noticed a death yak
 19105 | Lair:6   | Noticed a death yak
 19106 | Lair:6   | Noticed a five-headed hydra
 19333 | Lair:5   | Reached XP level 13. HP: 77/120 MP: 15/15
 19573 | Lair:6   | Reached skill level 16 in Axes
 21744 | Lair:6   | Found a staircase to the Slime Pits.
 22209 | D:11     | Reached skill level 17 in Axes
 22540 | D:11     | Reached XP level 14. HP: 48/132 MP: 16/16
 23123 | D:11     | Found a staircase to the Orcish Mines.
 23282 | Orc:1    | Entered Level 1 of the Orcish Mines
 23475 | Orc:2    | Entered Level 2 of the Orcish Mines
 23609 | Orc:2    | Found Mefe's Magic Scroll Emporium.
 24105 | Orc:1    | You fall into a shaft and drop 1 floor!
 24105 | Orc:2    | Found a staircase to the Elven Halls.
 24315 | Orc:2    | Noticed Saint Roka
 24577 | Orc:1    | Killed Saint Roka
 24577 | Orc:1    | Reached skill level 18 in Axes
 24586 | Orc:1    | Identified a scroll of acquirement
 24588 | Orc:1    | Got a faintly humming crystal plate armour
 24599 | Orc:1    | Identified the +1 crystal plate armour of Dogma {Str+3}
                  | (You acquired it on level 1 of the Orcish Mines)
 24884 | Orc:2    | Found Sosuxij's Book Shoppe.
 24884 | Orc:2    | Found Botizxet's Antique Weapon Shop.
 24885 | Orc:2    | Found Cytwugir's Antique Armour Boutique.
 24885 | Orc:2    | Found Umatel's Magic Scroll Shoppe.
 24893 | Orc:2    | Bought an embroidered cloak for 225 gold pieces
 24904 | Orc:2    | Bought a scroll of enchant weapon for 105 gold pieces
 25120 | Orc:2    | Bought a scroll of teleportation for 39 gold pieces
 25120 | Orc:2    | Bought a scroll of blinking for 97 gold pieces
 25120 | Orc:2    | Bought a scroll of enchant armour for 97 gold pieces
 25120 | Orc:2    | Bought a scroll of immolation for 45 gold pieces
 25167 | Orc:2    | Bought a scroll of enchant armour for 105 gold pieces
 25167 | Orc:2    | Bought a scroll of fear for 49 gold pieces
 25167 | Orc:2    | Bought a scroll of teleportation for 42 gold pieces
 25167 | Orc:2    | Bought a scroll of teleportation for 42 gold pieces
 25399 | Snake:1  | Entered Level 1 of the Snake Pit
 25495 | Snake:1  | Found a transporter.
 25506 | Snake:1  | Reached XP level 15. HP: 143/143 MP: 5/17
 25522 | Snake:1  | Noticed a nagaraja
 25633 | Swamp:1  | Entered Level 1 of the Swamp
 26166 | Swamp:2  | Noticed a thorn hunter
 26187 | Swamp:2  | Killed a thorn hunter
 26220 | Swamp:2  | Noticed a thorn hunter
 26236 | Swamp:2  | Killed a thorn hunter
 26258 | Swamp:2  | Reached skill level 15 in Armour
 26552 | Swamp:2  | Reached skill level 15 in Fighting
 26874 | Swamp:4  | Entered Level 4 of the Swamp
 27160 | Swamp:4  | Reached skill level 15 in Shields
 27554 | Swamp:4  | Annihilated by a titanic slime creature

Levels and vault maps discovered:
D:1:      psy_arrival_radial02, layout_rooms, xom_teletrap_fun
D:2:      layout_rooms
D:3:      cheibrodos_fertilizer, layout_basic,
          nicolae_gozag_cash_rules_everything_around_me,
          chequers_ecumenical_altar_simple
D:4:      layout_basic, grunt_temple_overflow_cloverleaf,
          lightli_sewer_entry_pipes
D:5:      layout_layer_cave, first_ration
D:6:      layout_gridville, cheibrodos_ashenzari_chains,
          minmay_temple_entry_stoned_glass, dk_yredelemnul_ordeal
D:7:      layout_layer_cave, basic_altar, uniq_menkaure
D:8:      layout_loops_corners, serial_shops, nicolae_shop_trees
D:9:      layout_gridville, erik_lair_dragon, gammafunk_ghost_grave
D:10:     layout_basic, gammafunk_ghost_spectres,
          hangedman_little_slice_of_home, minmay_misc_feat_room,
          bh_hangedman_babel_library, uniq_erolcha, uniq_urug
D:11:     layout_roguey, hiddenorc1_lemuel, chequers_serial_rivers_micro_b,
          minmay_bent
Lair:1:   layout_cave_shapes, beast_lair_carwin_5
Lair:2:   layout_roguey, minmay_snake_entry_guardpost_large, grunt_megastairs_4
Lair:3:   layout_small_grid
Lair:4:   cheibrodos_lair_river_kwai, layout_regular_city,
          minmay_swamp_entry_reptiles
Lair:5:   layout_cave_shapes
Lair:6:   minmay_lair_end_frog_pond, layout_long_grid, slime_dummy,
          grunt_megastairs_1
Swamp:1:  layout_falls_marsh, nicolae_swamp_trees_clearing
Swamp:2:  layout_falls_marsh, hangedman_swamp_ruin_hall
Swamp:3:  layout_falls_marsh, evilmike_swamp_ruin_rubble_1
Swamp:4:  swamp_vile, layout_basic_swamp
Snake:1:  gammafunk_the_bubble [the_bubble_gammafunk_grid],
          layout_concentric_octagons
Orc:1:    layout_caves
Orc:2:    st_orc_ogre_mass, layout_diamond_mine, serial_shops, shop_scrolls,
          mines4_lemuel, uniq_saint_roka

Skill      XL: |  1  2  3  4  5  6  7  8  9 10 11 12 13 14 15 |
---------------+----------------------------------------------+-----
Axes           | 3 4 5 6 7 8 10 12 13 15 17 18 | 18.1
Fighting       | 4 5 6 8 9 10 11 13 14 15 | 15.5
Armour         | 4 5 6 8 9 10 11 13 14 15 | 15.5
Dodging        | 1 2 |  2.9
Shields        | 4 5 6 7 8 10 11 12 14 15 | 15.2
Evocations     | 1 2 4 5 |  5.0

Action                   |  1- 3 |  4- 6 |  7- 9 | 10-12 | 13-15 || total
-------------------------+-------+-------+-------+-------+-------++-------
Melee: War axe           |    47 |   175 |   348 |   575 |       ||  1145
       Headbutt          |    10 |    28 |    60 |   164 |   256 ||   518
       Broad axe         |       |       |       |    11 |  1086 ||  1097
Invok: Potion Petition   |       |       |       |       |     4 ||     4
Evoke: Wand              |       |       |     7 |     7 |     2 ||    16
       Lamp of fire      |       |       |       |     1 |       ||     1
  Use: Scroll            |       |     4 |       |    30 |     5 ||    39
       Potion            |       |       |       |     1 |     2 ||     3
 Stab: Distracted        |       |     1 |     3 |       |    13 ||    17
  Eat: Chunk             |       |     3 |       |       |       ||     3
       Ration            |       |     2 |    10 |     9 |     8 ||    29
Armor: Scale mail        |    21 |    18 |       |       |       ||    39
       Plate armour      |       |    64 |    77 |   235 |   200 ||   576
       Chain mail        |       |       |   123 |       |       ||   123
       Crystal plate arm |       |       |       |       |   330 ||   330
Dodge: Dodged            |    15 |    33 |   104 |   106 |   248 ||   506
Block: Shield            |    29 |    97 |   159 |   288 |   610 ||  1183
